 Dungeon Crawl Stone Soup version 0.28.0-53-g5a82cb258f (webtiles) character file.

Game seed: 4947201720270853902

60 Sin92 the Grave Robber (level 3, -2/26 HPs)
             Began as a Demonspawn Necromancer on July 14, 2022.
             Slain by a goblin
             ... wielding a +0 club
             ... led by Robin
              (6 damage)
             ... on level 2 of the Dungeon.
             The game lasted 00:03:24 (2226 turns).

Sin92 the Grave Robber (Demonspawn Necromancer)     Turns: 2226, Time: 00:03:25

Health: -2/26      AC:  2    Str:  8    XL:     3   Next: 80%
Magic:  1/6        EV: 12    Int: 16    God:
Gold:   37         SH:  0    Dex: 15    Spells: 5/6 levels left

rFire   . . .      SeeInvis .   c - +0 short sword
rCold   . . .      Faith    .   (no shield)
rNeg    . . .      Spirit   .   a - +0 robe
rPois   .          Reflect  .   (helmet restricted)
rElec   .          Harm     .   (no cloak)
rCorr   .          Rampage  .   (no gloves)
Will    .....                   (no boots)
Stlth   ++........              (no amulet)
HPRegen 0.08/turn               (no ring)
MPRegen 0.10/turn               (no ring)

@: no status effects
A: horns 1, powered by pain 1
a: no special abilities


You were on level 2 of the Dungeon.
You visited 1 branch of the dungeon, and saw 2 of its levels.

You collected 37 gold pieces.

Inventory:

Hand Weapons
 c - a +0 short sword (weapon)
Armour
 a - a +0 robe (worn)
 b - a +1 cloak
 f - a +0 scale mail
Scrolls
 e - a scroll of summoning {unknown}
 g - a scroll of enchant weapon {unknown}
 i - a scroll of identify
Potions
 d - a potion of brilliance
 h - 3 potions of curing
 k - 2 potions of invisibility {unknown}


   Skills:
 + Level 1.1 Fighting
 * Level 1.5 Short Blades
 + Level 0.8 Armour
 + Level 2.1 Dodging
 + Level 2.1 Stealth
 + Level 2.2 Spellcasting
 + Level 4.5 Necromancy


You had 5 spell levels left.
You knew the following spells:

 Your Spells              Type           Power      Damage    Failure   Level
a - Pain                  Necr           64%        1d7       3%          1

Your spell library contained the following spells:

 Spells                   Type           Power      Damage    Failure   Level
 Animate Skeleton         Necr           32%        N/A       3%          1
 Vampiric Draining        Necr           16%        2d7       10%         3
 Shock                    Conj/Air       4%         1d3       21%         1
 Animate Dead             Necr           8%         N/A       30%         4
 Ozocubu's Armour         Ice            1%         N/A       52%         3
 Swiftness                Air            1%         N/A       52%         3
 Agony                    Necr           16%        N/A       65%         5
 Airstrike                Air            0%         N/A       90%         4
 Hailstorm                Conj/Ice       1%         3d3       90%         4
 Ice Form                 Ice/Tmut       1%         N/A       90%         4
 Simulacrum               Ice/Necr       4%         N/A       100%        6
 Ozocubu's Refrigeration  Ice            0%         4d5       100%        7


Dungeon Overview and Level Annotations

Branches:
Dungeon (2/15)

Altars:


Innate Abilities, Weirdness & Mutations

You have a pair of small horns on your head.
You sometimes gain a little power by taking damage.


Message History

The goblin is moderately wounded.
The goblin hits you but does no damage.
Robin roars a battlecry!
The goblin goes into a battle-frenzy!
The goblin hits you with a +0 dagger.
You completely miss the goblin.
The goblin is moderately wounded.
The goblin hits you but does no damage. The goblin hits you with a +0 dagger.
You hit the goblin.
You kill the goblin!
The goblin completely misses you.
You hit the dart slug.
The dart slug is lightly wounded.
You feel less wooden.
Your +0 robe unmelds from your body.
The goblin hits you with a +0 club. The dart slug launches a dart at you.
The slug dart hits you.
You hit the dart slug. You headbutt the dart slug. You punch the dart slug.
The dart slug is almost dead.
The goblin hits you but does no damage.
Aiming: Pain (safe; 3% risk of failure)
Press: ? - help, Q - select action Shift-Dir - straight line, f - Robin
Aim: Robin, wielding a +0 club, wearing a +0 animal skin and wearing a +0 helmet (chance to affect: 80%)
The dart slug writhes in agony.
You kill the dart slug!
The goblin misses you.
Aiming: Pain (safe; 3% risk of failure)
Press: ? - help, Q - select action Shift-Dir - straight line, f/p - Robin
Aim: Robin, wielding a +0 club, wearing a +0 animal skin and wearing a +0 helmet (chance to affect: 80%) Robin writhes in agony!
The goblin hits you with a +0 club.
* * * LOW HITPOINT WARNING * * *
Robin misses you.
Aiming: Pain (safe; 3% risk of failure)
Press: ? - help, Q - select action Shift-Dir - straight line, f/p - Robin
Aim: Robin, wielding a +0 club, wearing a +0 animal skin and wearing a +0 helmet (heavily wounded, chance to affect: 80%) Robin writhes in agony!
You kill Robin!
The goblin hits you with a +0 club.
You die...

##...###### #....
#.........###....
#................
#................
#.........###.... .
#.........# #.... ...
#.........###.(..
#..###)g.......#......
#..<@#####.####.#####
##.#g.## #.# #.. #
##..# #.##.. # #.#
#.##.# #.###<###....#
# #...#.......# #
#....####.# # ###...#
#.######## ####...#
#.........


You could see 2 goblins.

Vanquished Creatures
  Robin (D:2)
  A gnoll (D:1)
  A worm (D:2)
  2 dart slugs
  5 bats
  3 endoplasms (D:1)
  11 goblins
  3 hobgoblins
  4 jackals (D:1)
  A quokka (D:1)
  A ball python (D:1)
  2 frilled lizards (D:1)
  2 kobolds (D:1)
  3 rats
40 creatures vanquished.

Notes
Turn   | Place    | Note
-------+----------+-------------------------------------------
     0 | D:1      | Sin92 the Demonspawn Necromancer began the quest for the
                  | Orb.
     0 | D:1      | Reached XP level 1. HP: 13/13 MP: 3/3
   497 | D:1      | Gained mutation: You have a pair of small horns on your
                  | head. [demonic ancestry]
   497 | D:1      | Reached XP level 2. HP: 17/19 MP: 5/5
   940 | D:1      | Found a faded altar of an unknown god.
  1106 | D:1      | Reached skill level 1 in Short Blades
  1106 | D:1      | Gained mutation: You sometimes gain a little power by
                  | taking damage. [demonic ancestry]
  1106 | D:1      | Reached XP level 3. HP: 9/25 MP: 0/6
  2171 | D:2      | Noticed Robin
  2188 | D:2      | Reached skill level 1 in Fighting
  2226 | D:2      | Killed Robin
  2226 | D:2      | Slain by a goblin

Illustrated notes

Levels and vault maps discovered:
D:1:      lightli_arrival_noodles, layout_loops_corners,
          shapermc_ecumenical_altar_mp_vishouse, palyth_stone_intersect
D:2:      layout_rooms, minmay_pentomino_s2, uniq_robin, uniq_sigmund

Skill      XL: |  1  2  3 |
---------------+----------+-----
Short Blades   | 1 |  1.5
Dodging        | 2 |  2.1
Stealth        | 2 |  2.1
Fighting       | 1 |  1.1
Armour         | |  0.8
Spellcasting   | |  2.2
Necromancy     | |  4.5

Action                   || total
-------------------------++-------
Melee: Short sword       ||    75
       Unarmed           ||     1
       Headbutt          ||    10
       Punch             ||     1
 Cast: Pain              ||    30
  Use: Scroll            ||     3
       Potion            ||     1
 Stab: Sleeping          ||     1
Armor: Robe              ||     9
       Skin              ||    51
Dodge: Dodged            ||    41
